Map: Abyssal Reef LE

Players

Yata - Winner!

  • Race: Zerg Zerg
  • League: Gold
  • Spawn Location: 5:00

RedBullOwner

  • Race: Zerg Zerg
  • League: Gold
  • Spawn Location: 11:00

VOD

Have the link to the VOD?

Description

Time

  • Played on: Sept. 9, 2017, 7:53 p.m.
  • Length: 16:52
Show
View Real Time Build Order
Export as new Build Order

Yata Zerg - Winner!

Build Orders: Hatch First 

Get SALT Encoding   

  12  0:01  Drone  
  13  0:13  Overlord  
  13  0:17  Drone  
  14  0:31  Drone x2  
  14  0:35  Drone  
  17  0:56  Hatchery, Drone  
  17  1:00  Drone  
  18  1:09  Extractor  
  17  1:15  Spawning Pool  
  17  1:18  Drone  
  17  1:21  Drone  
  18  1:28  Drone  
  19  1:39  Overlord  
  19  1:50  Drone  
  20  2:09  Queen  
  20  2:13  Queen  
  20  2:14  Zergling x4  
  26  2:20  Drone x2  
  28  2:22  Metabolic Boost  
  29  2:30  Drone x2  
  29  2:33  Overlord  
  30  2:42  Baneling Nest  
  29  2:49  Evolution Chamber  
  28  2:54  Drone x3  
  31  3:11  Drone x3  
  34  3:15  Overlord  
  34  3:30  Zergling x6  
  37  3:42  Zerg Melee Weapons Level 1  
  37  3:45  Extractor  
  37  3:46  Drone x4  
  37  3:47  Drone  
  41  3:50  Baneling x3  
  41  3:52  Zergling x4  
  41  3:53  Zergling x2  
  44  4:06  Overlord  
  44  4:07  Overlord  
  44  4:10  Hatchery  
  44  4:14  Lair  
  43  4:25  Drone x4  
  43  4:26  Drone x2  
  49  4:40  Zergling x6  
  52  4:50  Zergling x2  
  52  4:51  Zergling x6  
  50  5:08  Zergling x8  
  50  5:09  Zergling x2  
  50  5:11  Baneling  
  50  5:12  Baneling x2  
  55  5:19  Roach Warren  
  54  5:21  Evolution Chamber  
  54  5:22  Spore Crawler  
  54  5:23  Pneumatized Carapace, Spore Crawler  
  54  5:26  Queen  
  58  5:28  Drone x8  
  61  5:41  Drone x3  
  64  5:45  Zerg Missile Weapons Level 1  
  64  5:47  Zerg Ground Armor Level 1  
  58  5:58  Drone  
  58  5:59  Drone x6  
  62  6:17  Zergling x10  
  62  6:18  Zergling x8  
  64  6:28  Roach  
  60  6:46  Hatchery  
  59  6:54  Hatchery  
  59  6:57  Glial Reconstitution  
  58  7:04  Roach  
  58  7:06  Overlord x3  
  60  7:33  Roach  
  60  7:34  Roach x8  
  68  7:52  Roach x4  
  76  8:04  Drone x6  
  82  8:14  Drone  
  82  8:15  Drone x6  
  89  8:20  Roach  
  89  8:21  Roach  
  89  8:23  Zerg Missile Weapons Level 2  
  89  8:24  Zerg Ground Armor Level 2  
  93  8:27  Roach  
  93  8:30  Overlord x2  
  88  8:42  Roach x2  
  88  8:43  Roach x2  
  96  9:04  Drone  
  96  9:05  Drone x6  
  96  9:06  Drone  
  104  9:11  Infestation Pit  
  103  9:19  Extractor  
  103  9:21  Extractor  
  101  9:28  Roach x5  
  111  9:43  Overlord x4  
  111  9:44  Overlord  
  111  10:01  Queen  
  99  10:15  Roach x11  
  119  10:24  Roach x2  
  123  10:45  Extractor  
  123  10:48  Drone x3  
  123  10:49  Extractor, Drone x5  
  131  10:57  Roach x9  
  145  11:21  Roach  
  145  11:22  Roach x2  
  145  11:24  Overlord x4  
  151  11:30  Hydralisk Den  
  148  11:47  Roach x3  
  148  11:48  Roach x10  
  172  11:57  Spore Crawler  
  172  11:58  Spore Crawler  
  168  12:02  Spore Crawler  
  168  12:07  Spore Crawler  
  168  12:08  Spore Crawler, Hydralisk x5  
  171  12:21  Spore Crawler  
  170  12:26  Hydralisk x6  
  180  12:40  Hive  
  174  12:50  Roach x7  
  136  13:11  Roach x11  
  130  13:32  Infestor  
  116  13:45  Drone x11  
  125  14:01  Infestor x2  
  125  14:02  Infestor  
  101  14:37  Hydralisk Den  
  98  14:39  Zergling x12  
  98  14:40  Zergling x22  
  99  15:02  Zergling x2  
  99  15:03  Zergling x18  
  84  15:27  Zergling x2  
  84  15:28  Zergling x12  
  89  15:33  Zergling x2  
  80  15:43  Spore Crawler x3  
  80  15:44  Overseer  
  80  15:45  Spore Crawler  
  80  15:46  Spore Crawler  
  80  15:47  Spore Crawler  
  80  15:48  Spore Crawler  
  80  15:49  Spore Crawler x5  
  58  15:58  Spore Crawler x3  
  58  15:59  Spore Crawler  
  58  16:01  Spore Crawler x2  
  51  16:05  Zergling x2  
  51  16:06  Zergling x10  
  53  16:16  Spore Crawler  
  53  16:17  Spore Crawler x4  
  53  16:18  Spore Crawler  
  40  16:19  Zergling x8  
  39  16:31  Zergling x2  
  39  16:32  Zergling x2  
Show
View Real Time Build Order
Export as new Build Order

RedBullOwner Zerg 

Build Orders: Hatch First 

Get SALT Encoding   

  12  0:01  Drone  
  13  0:13  Overlord  
  13  0:17  Drone  
  14  0:32  Drone x2  
  16  0:35  Drone  
  17  0:46  Drone  
  18  0:58  Drone  
  18  1:00  Hatchery  
  18  1:14  Spawning Pool  
  18  1:15  Drone  
  18  1:18  Extractor  
  17  1:19  Drone  
  18  1:30  Drone  
  19  1:40  Drone  
  20  1:50  Drone  
  21  2:01  Overlord  
  21  2:11  Queen x2  
  21  2:12  Overlord  
  21  2:13  Overlord  
  25  2:23  Drone x2  
  27  2:36  Drone x2  
  28  2:47  Drone, Queen x2  
  33  2:57  Zergling x6  
  36  3:05  Drone  
  36  3:06  Drone  
  38  3:17  Drone x2, Baneling Nest  
  39  3:38  Extractor, Drone x2  
  39  3:39  Drone  
  41  3:41  Drone  
  41  3:42  Drone  
  41  3:44  Spine Crawler  
  41  3:47  Evolution Chamber  
  41  3:48  Drone  
  41  3:49  Drone  
  41  3:51  Queen  
  47  4:01  Lair  
  45  4:04  Evolution Chamber  
  45  4:05  Evolution Chamber  
  43  4:13  Baneling  
  43  4:14  Baneling  
  43  4:15  Zergling x6  
  46  4:25  Evolution Chamber  
  45  4:36  Zerg Ground Armor Level 1, Zerg Missile Weapons Level 1  
  45  4:40  Zergling x8  
  49  4:46  Drone  
  49  4:51  Baneling x2  
  47  5:13  Drone  
  47  5:14  Drone x4  
  50  5:16  Roach Warren  
  51  5:23  Baneling x4  
  51  5:30  Zergling x2  
  51  5:31  Hatchery  
  51  5:34  Overlord x4  
  50  5:54  Baneling x2  
  50  5:55  Baneling  
  48  5:59  Roach x5  
  54  6:25  Roach x3  
  56  6:40  Roach x3  
  62  6:51  Roach Warren  
  63  7:15  Roach  
  63  7:16  Roach x5  
  73  7:31  Extractor  
  73  7:32  Extractor  
  71  7:53  Drone  
  71  7:54  Drone x5  
  77  8:07  Roach x6  
  89  8:14  Overlord  
  89  8:15  Overlord x4  
  89  8:32  Queen x3  
  87  9:00  Spire  
  84  9:04  Spine Crawler  
  84  9:05  Spine Crawler x3, Drone x7  
  84  9:06  Drone x5  
  92  9:15  Spine Crawler  
  92  9:16  Spine Crawler  
  90  9:26  Spine Crawler  
  89  9:36  Drone x2  
  91  9:42  Roach x2  
  91  9:43  Roach x5  
  105  9:50  Extractor x2  
  105  9:52  Spore Crawler x2  
  101  9:56  Spine Crawler, Drone x2  
  101  9:57  Overlord x3  
  102  10:02  Pneumatized Carapace  
  94  10:35  Overseer x2  
  94  10:36  Overseer  
  94  10:50  Overseer  
  94  11:05  Mutalisk x10  
  114  11:28  Overlord x2  
  114  11:29  Overlord x4  
  114  11:40  Overlord x2  
  112  12:02  Glial Reconstitution  
  112  12:15  Mutalisk x5  
  72  13:11  Mutalisk x7  
  72  13:12  Mutalisk x5  
  86  13:44  Drone  
  86  13:46  Drone x4  
  91  14:04  Mutalisk  
  91  14:05  Mutalisk x6  
  105  14:29  Mutalisk x5  
  105  14:44  Mutalisk x2  
  106  14:55  Queen  
  104  15:10  Mutalisk x2  
  96  15:33  Mutalisk  
  96  15:34  Mutalisk  
  95  15:37  Mutalisk  
Tags
 
League
GoldGold
Matchup
ZvZ
Race
Zerg
Replay Pack
Pack 1
Spawn Locations
Cross Positions
Add a new tag
Caveats
  • Supply blocks, unpowered buildings, or Contaminate may cause inaccurate times.
  • Supply counts are checked every 10 seconds.